 Dungeon Crawl Stone Soup version 0.14-a0-1444-g21dc12d (webtiles) character file.

19 4tharraofdagon the Firebug (level 2, -19/20 HPs)
             Began as a Centaur Fire Elementalist on Dec 12, 2013.
             Demolished by an ogre
             ... wielding a +0,+0 giant club
              (23 damage)
             ... on Level 4 of the Dungeon.
             The game lasted 00:02:35 (457 turns).

4tharraofdagon the Firebug (CeFE)                    Turns: 457, Time: 00:02:35

HP -19/20        AC  4     Str 10      XL: 2   Next: 55%
MP   0/3         EV  9     Int 14      God:
Gold 0           SH  0     Dex  9      Spells:  1 memorised,  3 levels left

rFire  . . .     SeeInvis .     (no weapon)
rCold  . . .     Clarity  .     g - +0 leather armour
rNeg   . . .     Conserve .     (no shield)
rPois  .         rCorr    .     (no helmet)
rElec  .         rRot     .     (no cloak)
SustAb . .       Spirit   .     (no gloves)
rMut   .         Warding  .     (no barding)
Saprov . . .     Stasis   .     (no amulet)
                                (no ring)
                                (no ring)

@: very slightly contaminated, very quick, not resistant to hostile
enchantments, extremely unstealthy
A: hooves 3, deformed body, herbivore 1, speed 2, fast metabolism 1, tough skin
3
a: no special abilities


You were on level 4 of the Dungeon.
You were not hungry.

You visited 1 branch of the dungeon, and saw 6 of its levels.

Inventory:

Armour
 a - a +0 robe
 g - a +0 leather armour (worn)
Comestibles
 c - 4 bread rations
 f - a meat ration
Scrolls
 d - 2 scrolls of identify {unknown}
Books
 b - a book of Flames

   Spells                             Type                      Level
   *Flame Tongue                      Conjuration/Fire             1
   Throw Flame                        Conjuration/Fire             2
   Conjure Flame                      Conjuration/Fire             3
   Inner Flame                        Hexes/Fire                   3
   Sticky Flame                       Conjuration/Fire             4
   Fireball                           Conjuration/Fire             5


   Skills:
 - Level 1.3 Dodging
 - Level 1.2 Stealth
 + Level 1.7 Spellcasting
 * Level 1.2 Conjurations
 * Level 3.2 Fire Magic


You had 3 spell levels left.
You knew the following spells:

 Your Spells              Type           Power        Failure   Level  Hunger
a - Flame Tongue          Conj/Fire      #....        12%         1    ##.....


Dungeon Overview and Level Annotations

Branches:
Dungeon (6/16)
 Temple: D:4-7

Altars:


Innate Abilities, Weirdness & Mutations

You have hooves in place of feet.
Armour fits poorly on your strangely shaped body.
You digest meat inefficiently.
You cover ground very quickly.
You have a fast metabolism.
You have extremely tough skin (AC +3).


Message History

The orc is moderately wounded.
Casting: Flame Tongue
Confirm with . or Enter, or press ? or * to list all spells.
Aiming: Flame Tongue
Press: ? - help, Shift-Dir - straight line, f/p - orc
Aim: an orc (moderately wounded)
The flame hits the orc.
You kill the orc!
You open the door.
There is an open door here.
Casting: Flame Tongue
Confirm with . or Enter, or press ? or * to list all spells.
Aiming: Flame Tongue
Press: ? - help, Shift-Dir - straight line, f - ogre
Aim: an ogre, wielding a giant club You miscast Flame Tongue.
You are very lightly contaminated with residual magic.
Nothing appears to happen.
The ogre hits you with a giant club!
Ouch! That really hurt!
You die...

#..# #.# #..# #.# #..#
#.# #..#####.#
#........# #..o####O#
#...#..#.# #.O.#..#O#
#.@.#..#.# # #...#..#o#
.# #...#..'.#
######..### #...#..#.#
..................#..#.#
...>..............#..#.#
..................#..#.#
...##############.####.#
#..#............#......#


You could see an ogre and an orc.

Vanquished Creatures
  A giant mite (D:5)
  A giant gecko (D:4)
  An orc (D:4)
  A giant cockroach (D:3)
  A hobgoblin (D:1)
  2 bats
  2 goblins
  A goblin zombie (D:5)
  2 kobolds
  A rat (D:3)
13 creatures vanquished.

Notes
Turn   | Place    | Note
--------------------------------------------------------------
     0 | D:1      | 4tharraofdagon, the Centaur Fire Elementalist, began the quest for the Orb.
     0 | D:1      | Reached XP level 1. HP: 14/14 MP: 2/2
    15 | D:1      | Reached skill level 1 in Conjurations
   204 | D:5      | Entered Level 5 of the Dungeon
   220 | D:6      | Noticed a crimson imp
   251 | D:5      | Reached skill level 3 in Fire Magic
   251 | D:5      | Reached XP level 2. HP: 17/20 MP: 0/3
   259 | D:5      | Noticed a scorpion
   298 | D:5      | HP: 1/20 [kobold/orcish dagger (5)]
   399 | D:4      | Noticed an ogre
   402 | D:4      | Noticed an orc wizard
   403 | D:4      | HP: 1/20 [poison (a potion of poison)]
   457 | D:4      | Demolished by an ogre

Action                   || total
-------------------------++-------
Melee: Unarmed           ||    16
 Cast: Flame Tongue      ||    15
  Use: Potion            ||     4
